 Dungeon Crawl Stone Soup version 0.32-a0-872-g59262bdc9b (webtiles) character file.

Game seed: 6810977510105268668

242342 Gryn the Slayer (level 18, -12/182 HPs)
             Began as a Minotaur Berserker on Mar 30, 2024.
             Was a High Priest of Trog.
             Killed from afar by a tengu reaver (31 damage)
             ... with a bolt of acid
             ... on level 1 of the Vaults.
             The game lasted 01:45:28 (33653 turns).

Gryn the Slayer (Minotaur Berserker)               Turns: 33653, Time: 01:45:29

Health: -12/182    AC: 22    Str: 29    XL:     18   Next: 67%
Magic:  17/17      EV: 15    Int: 10    God:    Trog [*****.]
Gold:   3079       SH: 20    Dex: 12    Spells: 17/17 levels left

rFire   + . .        b - +5 broad axe (flame)
rCold   . . .        x - +1 tower shield
rNeg    + . .        w - +0 plate armour
rPois   +            (helmet restricted)
rElec   +            Q - scarf of the Ikuchi {repulsion, rN+ Int+4}
rCorr   .            O - +2 pair of gloves
SInv    .            m - -1 pair of boots of Theory {rPois rF+ Str+3}
Will    .....        t - amulet of regeneration Stlth
                     C - +4 ring of protection
HPRegen 1.30/turn    u - ring "Justroto" {rElec Will- EV+5 Slay+4}
MPRegen 0.15/turn

%: repel missiles
@: corroded
A: horns 2, retaliatory headbutt
}: 2/15 runes: decaying, gossamer
a: Renounce Religion, Berserk, Trog's Hand, Brothers in Arms


You were on level 1 of the Vaults.
You worshipped Trog.
Trog was extremely pleased with you.
You visited 6 branches of the dungeon, and saw 31 of its levels.
You also visited: Sewer.

You collected 3271 gold pieces.
You spent 192 gold pieces at shops.

Inventory:

Hand Weapons
 a - the +5 war axe of Distraction {venom, rF+ Str+4}
   (You found it on level 10 of the Dungeon)

   Str+4:     It affects your strength (+4).
   rF+:       It protects you from fire.
 b - a +5 broad axe of flaming (weapon)
 f - a +4 heavy flail
 Y - a +0 broad axe
Missiles
 z - 7 curare-tipped darts
 A - 9 boomerangs (quivered)
 U - 8 javelins
Armour
 m - the -1 pair of boots of Theory (worn) {rPois rF+ Str+3}
   (You found it on level 4 of the Spider Nest)

   Str+3:     It affects your strength (+3).
   rF+:       It protects you from fire.
   rPois:     It protects you from poison.
 w - a +0 plate armour (worn)
 x - a +1 tower shield (worn)
 E - the +1 ring mail of Fabulous Brilliance {rCorr SInv}
   (You found it on level 9 of the Dungeon)

   SInv:      It lets you see invisible.
   rCorr:     It protects you from acid and corrosion.
 O - a +2 pair of gloves (worn)
 Q - the scarf of the Ikuchi (worn) {repulsion, rN+ Int+4}
   (You found it on level 2 of the Lair of Beasts)

   Int+4:     It affects your intelligence (+4).
   rN+:       It protects you from negative energy.
Jewellery
 e - a ring of poison resistance
 t - an amulet of regeneration (around neck)
 u - the ring "Justroto" (right hand) {rElec Will- EV+5 Slay+4}
   (You found it on level 5 of the Lair of Beasts)

   [ring of evasion]

   EV+5:      It affects your evasion (+5).
   Slay+4:    It affects your accuracy & damage with ranged weapons and melee
   (+4).
   rElec:     It insulates you from electricity.
   Will-:     It decreases your willpower.
 C - a +4 ring of protection (left hand)
 G - a ring of ice
 L - a ring of flight
 V - a ring of protection from fire
Wands
 c - a wand of polymorph (6)
 g - a wand of digging (3)
 D - a wand of mindburst (9)
 F - a wand of paralysis (17)
 P - a wand of warping (23)
 S - a wand of flame (20)
 W - a wand of light (2)
Scrolls
 d - 14 scrolls of teleportation
 o - 3 scrolls of poison
 p - 4 scrolls of vulnerability
 q - 6 scrolls of revelation
 r - 2 scrolls of immolation
 v - a scroll of blinking
 y - 7 scrolls of fog
 B - a scroll of brand weapon
 I - a scroll of noise
 K - a scroll of fear
 M - a scroll of silence
Potions
 h - 2 potions of magic
 i - 2 potions of might
 j - 7 potions of lignification
 l - 9 potions of attraction
 n - 10 potions of curing
 s - 7 potions of enlightenment
 H - 5 potions of cancellation
 J - 4 potions of haste
 N - 4 potions of ambrosia
 R - 2 potions of invisibility
 T - 2 potions of berserk rage
 X - 3 potions of mutation
 Z - a potion of heal wounds
Miscellaneous
 k - a sack of spiders


   Skills:
 - Level 21.0 Fighting
 - Level 18.0 Axes
 + Level 11.2 Throwing
 - Level 18.0 Armour
 - Level 10.0 Dodging
 - Level 17.0 Shields
 - Level 8.0 Evocations


You had 17 spell levels left.
You didn't know any spells.
Your spell library was empty.

Dungeon Overview and Level Annotations

Branches:
Dungeon (15/15)            Temple (0/1) D:6            Lair (5/5) D:8
  Swamp (4/4) Lair:3       Spider (4/4) Lair:3        Slime (0/5) Lair:4
    Orc (2/2) D:10            Elf (0/3) Orc:2        Vaults (1/5) D:13
 Depths (0/4) D:15          Sewer (visited)

Altars:
Ashenzari
Fedhas
Sif Muna
Uskayaw
Vehumet
Yredelemnul
Jiyva

Shops:
D:5 *   D:7 :   D:10 *   D:11 *   Orc:2 (*?!


Innate Abilities, Weirdness & Mutations

You have a pair of horns on your head.
You reflexively headbutt those who attack you in melee.


Message History

The bolt of lightning hits you! You resist.
* * * LOW HITPOINT WARNING * * *
The vault sentinel blows a loud note on a signal horn!
The ironbound preserver mumbles some strange words.
The ironbound preserver is healed somewhat.
Unknown command.
Unknown command.
You feel much better.
The ironbound frostheart calls freezing cold from the walls.
The frost grips you!!
* * * LOW HITPOINT WARNING * * *
The tengu reaver casts a spell at you.
The bolt of negative energy is repelled.
Unknown command.
Unknown command.
Unknown command.
Unknown command.
You feel much better. The ice encasing you melts away.
The tengu reaver hits you with a +3 great sword of venom!!
* * * LOW HITPOINT WARNING * * *
You block the tengu reaver's attack.
The tengu reaver claws you but does no damage.
Unknown command.
Unknown command.
Unknown command.
Unknown command.
The ironbound preserver mumbles some strange words.
The ironbound preserver is healed somewhat.
The ironbound convoker begins to recite a word of recall!
The ironbound preserver gestures wildly while chanting.
The ironbound preserver is healed somewhat.
As you open the door, it creaks loudly!
The tengu reaver gestures at you while chanting.
The bolt of acid hits you!!
* * * LOW HITPOINT WARNING * * *
The deep troll is recalled.
The tengu reaver points at you and mumbles some strange words.
The bolt of acid hits you!!
You die...

........................
........................
..........................
..........................
..........................
..........................
..........................
..........................
........#@######..........
........#..# .#..........
#####.###.Q##..###........
+.#..##T)# #........ #.#..
#)p# #........ ### .##pp
#........ ..


pH# #........ .## #..#........ .. ..#........ You could see an ironbound
preserver (strong), a tengu reaver (repels missiles), an ironbound frostheart
(strong), a deep troll, a vault sentinel (strong, sheltered) and a harpy
(sheltered).

Vanquished Creatures
  Bai Suzhen (Swamp:4)
  Arachne (Spider:2)
  The ghost of Eboth the Blocker, an adept GnFi of Okawaru (Swamp:1)
  Roxanne (Spider:4)
  3 thorn hunters (Swamp:4)
  Agnes (D:14)
  The ghost of Omai the Destroyer, an adept FoDe of Vehumet (Lair:3)
  A fire giant (D:15)
  The ghost of Lol Gisip the Demonic Cataclysm, an adept DsFi of Qazlal (Lair:3)
  Louise (Swamp:1)
  8 emperor scorpions
  2 ghost moths (Spider:4)
  2 orc warlords
  3 vault wardens (Vaults:1)
  5 broodmothers
  2 ironbound preservers (Vaults:1)
  2 ghouls (Swamp:4)
  3 eleionomae (Swamp:3)
  2 dire elephants (Vaults:1)
  4 bunyips
  Josephine (D:15)
  Snorg (Orc:1)
  A great orb of eyes (Vaults:1)
  An entropy weaver (Spider:3)
  3 spectral fenstrider witches (Swamp:1)
  11 alligators
  13 hydras
  8 vault guards (D:13)
  3 catoblepae
  4 radroaches
  A jorogumo (Spider:1)
  3 boulder beetles
  4 ghost crabs
  6 centaur warriors
  5 ogre magi
  2 tengu warriors (D:13)
  18 two-headed ogres
  An orc high priest (Orc:2)
  11 death yaks
  8 demonic crawlers
  Urug (Lair:4)
  Sonja (Orc:1)
  A fire crab (Lair:5)
  2 spectral spriggans (Swamp:1)
  2 skysharks
  A death drake (Swamp:1)
  3 pharaoh ants
  4 goliath frogs
  5 orb spiders
  2 bog bodies (Swamp:2)
  5 spriggan druids
  An arcanist (Vaults:1)
  7 swamp dragons
  3 spectral hydras (Swamp:4)
  12 steelbarb worms
  3 ironbound convokers (Vaults:1)
  2 lindwurms
  A harpy (Vaults:1)
  2 fenstrider witch simulacra (Swamp:1)
  5 orc knights
  2 deep elf pyromancers
  4 manticores
  8 cyclopes
  13 ugly things
  6 will-o-the-wisps
  3 oklob plants (Swamp:4)
  15 wolf spiders
  A moth of wrath (Spider:4)
  7 meliai
  3 kobold blastminers (Orc:1)
  6 elephants
  4 torpor snails
  8 black mambas
  14 cane toads
  3 rime drakes
  2 unseen horrors (D:13)
  6 yaktaurs
  15 komodo dragons
  2 kobold demonologists (D:14)
  A spectral death drake (Swamp:1)
  2 tengu conjurers (D:13)
  Psyche (D:8)
  A hydra zombie (Swamp:4)
  9 hornets
  2 bloated husks
  6 trolls
  12 tyrant leeches
  A hydra skeleton (Swamp:4)
  28 tarantellas
  7 polar bears
  21 culicivoras
  17 jumping spiders
  A dream sheep (Lair:2)
  10 blink frogs
  3 slime creatures (D:12)
  A jumping spider (shapeshifter) (D:15)
  2 shadows
  A water elemental (D:14)
  6 wraiths
  15 spriggans
  5 basilisks
  3 wargs (Orc:2)
  6 wyverns
  37 yaks
  48 redbacks
  A steam dragon (D:9)
  3 spriggan simulacra (Swamp:1)
  24 vampire mosquitoes
  6 swamp worms
  An acid dragon (D:10)
  2 hydra simulacra (Swamp:4)
  14 water moccasins
  16 orc warriors
  Pargi (Sewer)
  8 swamp drakes
  7 black bears
  An ice beast (D:8)
  2 sky beasts
  3 swamp dragon zombies (Swamp:4)
  8 laughing skulls
  30 ogres
  26 wolves
  4 boggarts (Lair:5)
  4 swamp dragon skeletons (Swamp:4)
  14 centaurs
  A phantom (D:5)
  A brain worm (Sewer)
  12 bullfrogs
  2 gnoll sergeants
  5 scorpions
  11 wights
  11 killer bees
  3 electric eels
  2 howler monkeys
  2 bombardier beetles
  3 jellies
  11 orc priests
  A gnoll bouda (D:9)
  4 hounds
  2 sleepcaps
  Jessica (D:3)
  5 iguanas
  23 orc wizards
  Natasha (thrice) (D:4)
  7 gnolls
  6 adders
  A river rat (D:4)
  2 swamp drake skeletons (Swamp:4)
  A shadow imp (D:5)
  A white imp (D:7)
  2 ufetubi (D:6)
  A dart slug (D:4)
  2 ribbon worms (D:3)
  57 orcs
  6 ball pythons
  15 bats
  3 endoplasms
  2 giant cockroaches
  9 goblins
  4 hobgoblins
  2 jackals (D:5)
  3 quokkas
  7 kobolds
  3 rats
  A butterfly (D:6)
994 creatures vanquished.

Vanquished Creatures (collateral kills)
  Mlioglotl (Swamp:1)
  Aizul (Spider:4)
  An emperor scorpion (Spider:4)
  A hydra skeleton (Swamp:4)
  2 entropy weavers (Spider:4)
  2 hydras
  4 two-headed ogres (Orc:2)
  2 orb spiders (Spider:4)
  An orc sorcerer (Orc:2)
  2 tarantellas (Spider:4)
  A culicivora (Spider:4)
  An ogre (Orc:2)
  An orc priest (Orc:2)
  2 orcs (Orc:2)
22 creatures vanquished.

Vanquished Creatures (others)
  A spriggan (Swamp:3)
  3 bloated husks
  A hornet (Swamp:3)
  An orc wizard (D:7)
  26 foxfires
32 creatures vanquished.

Grand Total: 1048 creatures vanquished

Notes
Turn   | Place    | Note
-------+----------+-------------------------------------------
     0 | D:1      | Gryn the Minotaur Berserker began the quest for the Orb.
     0 | D:1      | Reached XP level 1. HP: 19/19 MP: 0/0
   255 | D:1      | Reached XP level 2. HP: 26/26 MP: 1/1
  1164 | D:2      | Reached skill level 5 in Axes
  1213 | D:2      | Reached XP level 3. HP: 28/31 MP: 2/2
  1229 | D:2      | Reached ** piety under Trog
  1388 | D:2      | Found a faded altar of an unknown god.
  2095 | D:3      | Reached XP level 4. HP: 31/39 MP: 3/3
  2192 | D:3      | Noticed Jessica
  2208 | D:3      | Killed Jessica
  2479 | D:4      | Noticed Natasha
  2479 | D:4      | Found a shimmering blue altar of Sif Muna.
  2483 | D:4      | Killed Natasha
  2499 | D:4      | Reached XP level 5. HP: 40/45 MP: 4/4
  2506 | D:4      | Found a basalt altar of Yredelemnul.
  2511 | D:4      | Noticed Natasha
  2525 | D:4      | Killed Natasha
  2538 | D:4      | Found a glowing drain.
  2555 | D:4      | Noticed Natasha
  2561 | D:4      | Killed Natasha
  2566 | Sewer    | Entered a sewer
  2595 | Sewer    | Reached XP level 6. HP: 42/51 MP: 3/5
  2597 | Sewer    | Reached *** piety under Trog
  2729 | Sewer    | Noticed Pargi
  2737 | Sewer    | Killed Pargi
  3079 | D:4      | Reached skill level 4 in Fighting
  3079 | D:4      | Reached XP level 7. HP: 59/59 MP: 6/6
  3190 | D:5      | Entered Level 5 of the Dungeon
  3534 | D:5      | Reached skill level 10 in Axes
  3543 | D:5      | Reached skill level 5 in Fighting
  3574 | D:5      | Reached XP level 8. HP: 67/69 MP: 7/7
  3679 | D:5      | Reached skill level 5 in Armour
  3767 | D:5      | Found Taywnecw's Assorted Antiques.
  3839 | D:5      | Bought a tiny bone amulet for 120 gold pieces
  3959 | D:5      | Reached skill level 6 in Fighting
  4244 | D:6      | Reached skill level 1 in Shields
  4267 | D:6      | Found a staircase to the Ecumenical Temple.
  5026 | D:7      | Reached **** piety under Trog
  5033 | D:7      | Reached skill level 7 in Fighting
  5087 | D:7      | Found Lurit's Tremendous Tomes.
  5133 | D:7      | You fall into a shaft and drop 3 floors!
  5133 | D:10     | Entered Level 10 of the Dungeon
  5133 | D:10     | Found Yxoleow's Neck Hole.
  5204 | D:10     | Found a staircase to the Orcish Mines.
  5401 | D:10     | Reached XP level 9. HP: 68/79 MP: 8/8
  5425 | D:10     | Reached skill level 8 in Fighting
  5430 | D:10     | Reached skill level 5 in Shields
  5606 | D:10     | Identified the +5 war axe of Distraction {venom, rF+ Str+4}
  5761 | D:9      | Reached skill level 9 in Fighting
  5889 | D:8      | Found a radiant altar of Vehumet.
  6441 | D:8      | Noticed Psyche
  6570 | D:8      | Killed Psyche
  6571 | D:8      | Reached XP level 10. HP: 91/91 MP: 9/9
  6624 | D:8      | Found a staircase to the Lair.
  6815 | D:8      | Noticed a two-headed ogre
  6845 | D:8      | Killed a two-headed ogre
  6846 | D:8      | Reached skill level 10 in Fighting
  8010 | D:9      | Noticed a two-headed ogre
  8018 | D:9      | Killed a two-headed ogre
  8019 | D:9      | Reached skill level 15 in Axes
  8169 | D:9      | Reached XP level 11. HP: 85/99 MP: 10/10
  8213 | D:9      | Identified the +1 ring mail of Fabulous Brilliance {rCorr
                  | SInv}
  8226 | D:9      | Found a runed translucent door.
  8226 | D:9      | Noticed a deep elf pyromancer
  8228 | D:9      | Noticed a two-headed ogre
  8242 | D:9      | Found a runed translucent door.
  8242 | D:9      | Found a runed translucent door.
  8427 | D:9      | Reached ***** piety under Trog
  8685 | D:9      | Found a hide-covered altar of Uskayaw.
  8926 | D:10     | Identified the +1 leather armour "Suczox Ybygg" {rPois
                  | Will- Str+8 Dex-3}
  9050 | D:10     | Found a broken altar of Ashenzari.
  9518 | Lair:1   | Entered Level 1 of the Lair of Beasts
  9768 | Lair:1   | Reached skill level 1 in Throwing
 10006 | Lair:1   | Noticed a death yak
 10006 | Lair:1   | Noticed a death yak
 10006 | Lair:1   | Noticed a death yak
 10006 | Lair:1   | Noticed a death yak
 10025 | Lair:1   | Killed a death yak
 10026 | Lair:1   | Reached skill level 5 in Throwing
 10026 | Lair:1   | Reached skill level 1 in Evocations
 10028 | Lair:1   | Noticed a death yak
 10038 | Lair:1   | Noticed a death yak
 10040 | Lair:1   | Killed a death yak
 10050 | Lair:1   | Killed a death yak
 10053 | Lair:1   | Killed a death yak
 10054 | Lair:1   | Reached skill level 5 in Evocations
 10061 | Lair:1   | Killed a death yak
 10068 | Lair:1   | Killed a death yak
 10416 | Lair:1   | Reached XP level 12. HP: 104/106 MP: 11/11
 10790 | Lair:2   | Identified the scarf of the Ikuchi {repulsion, rN+ Int+4}
 10921 | Lair:2   | Reached skill level 10 in Armour
 10938 | Lair:2   | Noticed a death yak
 10949 | Lair:2   | Killed a death yak
 11021 | Lair:2   | Noticed a catoblepas
 11030 | Lair:2   | Killed a catoblepas
 11031 | Lair:2   | Reached skill level 5 in Dodging
 11053 | Lair:2   | Noticed a death yak
 11061 | Lair:2   | Killed a death yak
 11062 | Lair:2   | Reached skill level 11 in Fighting
 11172 | Lair:2   | Reached skill level 12 in Fighting
 11222 | Lair:2   | Noticed an eight-headed hydra
 11230 | Lair:2   | Killed an eight-headed hydra
 11304 | Lair:2   | Reached skill level 13 in Fighting
 11367 | Lair:2   | Noticed a five-headed hydra
 11375 | Lair:2   | Killed a five-headed hydra
 11492 | Lair:2   | Noticed a death yak
 11492 | Lair:2   | Noticed a death yak
 11493 | Lair:2   | Noticed an eight-headed hydra
 11768 | Lair:2   | Killed an eight-headed hydra
 11870 | Lair:2   | Noticed a death yak
 11887 | Lair:2   | Killed a death yak
 11888 | Lair:2   | Reached skill level 14 in Fighting
 11895 | Lair:2   | Killed a death yak
 11896 | Lair:2   | Reached XP level 13. HP: 119/125 MP: 12/12
 12511 | Lair:3   | Reached skill level 15 in Fighting
 12797 | Lair:3   | Found a hole to the Spider Nest.
 13082 | Lair:3   | Found a runed translucent gate.
 13082 | Lair:3   | Found a runed translucent gate.
 13082 | Lair:3   | Found a runed translucent gate.
 13093 | Lair:3   | Noticed Lol Gisip's ghost (adept DsFi)
 13093 | Lair:3   | Noticed Omai's ghost (adept FoDe)
 13186 | Lair:3   | Reached skill level 16 in Fighting
 13437 | Lair:3   | Found a staircase to the Swamp.
 13554 | Lair:3   | Identified the +1 leather armour of the Dice {Harm rElec
                  | rPois}
 13794 | Lair:4   | Noticed Urug
 13802 | Lair:4   | Killed Urug
 13940 | Lair:4   | Reached skill level 10 in Shields
 14609 | Lair:4   | Found a viscous altar of Jiyva.
 14612 | Lair:4   | Found a staircase to the Slime Pits.
 14921 | Lair:4   | Received a gift from Trog
 15237 | Lair:5   | Entered Level 5 of the Lair of Beasts
 15725 | Lair:5   | Reached XP level 14. HP: 116/137 MP: 11/13
 16244 | Lair:5   | Identified the ring "Justroto" {rElec Will- EV+5 Slay+4}
 16878 | Orc:1    | Entered Level 1 of the Orcish Mines
 16883 | Orc:1    | Received a gift from Trog
 17105 | Orc:2    | Entered Level 2 of the Orcish Mines
 17280 | Orc:2    | Found a staircase to the Elven Halls.
 17349 | Orc:2    | Received a gift from Trog
 17352 | Orc:2    | Reached skill level 10 in Throwing
 17361 | Orc:2    | Paralysed by something for 5 turns
 17444 | Orc:2    | Found Laosei's Distillery.
 17444 | Orc:2    | Found Etiudee's Assorted Antiques.
 17444 | Orc:2    | Found Jeepesub's Magic Scroll Shop.
 17444 | Orc:2    | Found Aleur's Antique Weapon Emporium.
 17455 | Orc:2    | Paralysed by an ogre mage for 3 turns
 17697 | Orc:2    | Noticed an orc warlord
 17707 | Orc:2    | Killed an orc warlord
 17708 | Orc:2    | Reached XP level 15. HP: 144/144 MP: 14/14
 17924 | Orc:1    | Noticed Sonja
 17926 | Orc:1    | Killed Sonja
 18038 | Orc:1    | Noticed Snorg
 18050 | Orc:1    | Killed Snorg
 18285 | D:11     | Found a hide-covered altar of Uskayaw.
 18596 | D:11     | Found Hinissun's General Store.
 18614 | D:11     | Bought a +0 broad axe for 72 gold pieces
 19319 | D:12     | Reached skill level 17 in Fighting
 19632 | D:13     | Found a gate to the Vaults.
 20648 | D:14     | Reached ****** piety under Trog
 20649 | D:14     | Reached skill level 18 in Fighting
 21036 | D:14     | Noticed Agnes
 21045 | D:14     | Killed Agnes
 21487 | D:15     | Entered Level 15 of the Dungeon
 21580 | D:15     | Noticed a fire giant
 21761 | D:15     | Reached skill level 15 in Shields
 21860 | D:15     | Noticed Josephine
 21872 | D:15     | Killed Josephine
 21941 | D:15     | Killed a fire giant
 21941 | D:15     | Received a gift from Trog
 21970 | D:15     | Found a staircase to the Depths.
 22477 | Spider:1 | Entered Level 1 of the Spider Nest
 22698 | D:9      | Reached XP level 16. HP: 147/157 MP: 15/15
 22935 | D:9      | Identified the staff of Friendship {rPois rN++ Dex+2
                  | Alchemy}
 23282 | Spider:1 | Reached skill level 10 in Dodging
 23936 | Spider:2 | Reached skill level 15 in Armour
 24564 | Spider:2 | Received a gift from Trog
 24878 | Spider:3 | Noticed Arachne
 24899 | Spider:2 | Killed Arachne
 26005 | Spider:4 | Entered Level 4 of the Spider Nest
 26275 | Spider:4 | Identified the serpent talisman "Uhiagh" {rElec rF+ rC+
                  | Slay-5}
 26275 | Spider:4 | Noticed Aizul
 26293 | Spider:4 | Reached XP level 17. HP: 111/166 MP: 16/16
 26297 | Spider:4 | Killed Aizul
 26297 | Spider:4 | Received a gift from Trog
 26308 | Spider:4 | Reached skill level 19 in Fighting
 26531 | Spider:4 | Noticed Roxanne
 27628 | Spider:4 | Reached skill level 20 in Fighting
 28311 | Spider:4 | Identified the -1 pair of boots of Theory {rPois rF+ Str+3}
 28335 | Spider:4 | Got a gossamer rune of Zot
 28479 | Spider:4 | Killed Roxanne
 28603 | Swamp:1  | Entered Level 1 of the Swamp
 28660 | Lair:3   | Killed Omai's ghost
 28677 | Lair:3   | Killed Lol Gisip's ghost
 28846 | Swamp:1  | Found a runed translucent gate.
 28846 | Swamp:1  | Found a runed translucent gate.
 28847 | Swamp:1  | Found a runed translucent gate.
 28859 | Swamp:1  | Noticed Eboth's ghost (adept GnFi)
 28961 | Swamp:1  | Noticed Louise
 28969 | Swamp:1  | Killed Louise
 28970 | Swamp:1  | Reached skill level 21 in Fighting
 28991 | Swamp:1  | Noticed Mlioglotl
 29000 | Swamp:1  | Killed Mlioglotl
 29690 | Swamp:2  | Received a gift from Trog
 30661 | Swamp:3  | Reached XP level 18. HP: 172/182 MP: 17/17
 30990 | Swamp:4  | Entered Level 4 of the Swamp
 31574 | Swamp:4  | Noticed Bai Suzhen
 31597 | Swamp:4  | Killed Bai Suzhen
 32211 | Swamp:4  | Received a gift from Trog
 32409 | Swamp:4  | Found a blossoming altar of Fedhas.
 32545 | Swamp:4  | Found a basalt altar of Yredelemnul.
 32560 | Swamp:4  | Got a decaying rune of Zot
 32700 | Swamp:1  | Killed Eboth's ghost
 32875 | Swamp:1  | Upgraded the game from 0.32-a0-871-ge202e49faa to
                  | 0.32-a0-872-g59262bdc9b
 33137 | Vaults:1 | Entered Level 1 of the Vaults
 33653 | Vaults:1 | Killed from afar by a tengu reaver

Illustrated notes

Levels and vault maps discovered:
D:1:      dpeg_chamrin_arrival_tetris, layout_loops_ring, serial_bayou,
          serial_bayou_crossing, serial_bayou_pond_c, serial_bayou_ford_a,
          serial_bayou_pond_d
D:2:      layout_loops_ring, shapermc_ecumenical_altar_petra
D:3:      layout_loops_ring, uniq_jessica
D:4:      layout_rooms, yredelemnul_altar_generic,
          nicolae_sif_muna_condensation, cheibrodos_sewer_entry_sluice,
          kennysheep_generic_room_12, uniq_natasha
D:5:      layout_rooms, serial_shops, nicolae_shop_competitors_out_of_business,
          st_stairs_12, minivault_11, nicolae_nh_ransacked_shop
D:6:      layout_basic, minmay_temple_entry_butterflies
D:7:      layout_basic, nicolae_shop_i_like_big_books,
          ebering_dispersal_statue_hall
D:8:      layout_cave_pools, mainiacjoe_overflow_alcove_1, david_lair_shrubbed,
          uniq_psyche
D:9:      minmay_the_grid_triangle_9x9_rhombus_full
          [minmay_the_grid_triangle_9x9_sparse_checkered,
          minmay_the_grid_triangle_9x9_fully_insulated_deathbox,
          minmay_the_grid_triangle_9x9_impossible_snake,
          minmay_the_grid_triangle_9x9_windchime,
          minmay_the_grid_triangle_9x9_alien,
          minmay_the_grid_triangle_9x9_minimal,
          minmay_the_grid_triangle_9x9_wacky_v,
          minmay_the_grid_triangle_9x9_prize_insulated], layout_stronghold,
          mainiacjoe_overflow_alcove_2
D:10:     layout_basic, mainiacjoe_overflow_cross_hatched, orc_0_dummy,
          nicolae_shop_sticking_my_neck_out
D:11:     layout_gridville, serial_shops, shop, nicolae_uskayaw_dance_hall
D:12:     layout_roguey
D:13:     layout_loops_corners, erik_vaults_2
D:14:     layout_rooms, serial_park_fountain, uniq_agnes
D:15:     grunt_enter_depths_giant_problem, layout_basic,
          dreamdust_princess_corridor, uniq_josephine
Lair:1:   layout_cave_pods
Lair:2:   nzn_winding_woodlands_large [nzn_winding_woodlands_5x5_perimeter,
          nzn_winding_woodlands_5x15_jagged, nzn_winding_woodlands_hourglass,
          nzn_winding_woodlands_center_diamonds,
          nzn_winding_woodlands_15x15_eel_pit,
          nzn_winding_woodlands_center_lodge,
          nzn_winding_woodlands_5x5_closed_star,
          nzn_winding_woodlands_5x15_longhouse,
          nzn_winding_woodlands_5x5_three], layout_cave_pods,
          chequers_serial_rivers_large_a, eino_small_chamber_without_monster
Lair:3:   layout_regular_city, mainiacjoe_swamp_entry_angry_trees,
          spider_nest_entry_webs, gammafunk_ghost_cemetery,
          grunt_forest_large_clearings
Lair:4:   layout_cave_pods, dpeg_slime_entry_corner, uniq_urug
Lair:5:   minmay_lair_end_enchanted_forest, layout_gridlike,
          lemuel_old_faithful, lemuel_fruit_tree
Swamp:1:  layout_basic_swamp, gammafunk_ghost_necromancy,
          evilmike_swamp_ruin_house_1, swamp_pool_1_2, uniq_louise,
          uniq_mlioglotl
Swamp:2:  layout_basic_swamp, evilmike_swamp_ruin_house_2
Swamp:3:  layout_basic_swamp, nicolae_swamp_well_well_well,
          infiniplex_staircase_pool
Swamp:4:  byrel_swamp_growth_death_and_undeath, layout_basic_swamp,
          swamp_pool_3, uniq_bai_suzhen
Spider:1: layout_spider_delve
Spider:2: layout_spider_delve, nicolae_spider_bug_shape
Spider:3: layout_cave_pods, uniq_arachne
Spider:4: grunt_spider_rune_circles, uniq_aizul, uniq_roxanne
Orc:1:    layout_caves, library_closet, uniq_sonja, uniq_snorg
Orc:2:    st_orc_ogre_mass, layout_caves
Vaults:1: nicolae_vaults_closet_pinwheel_6, vaults_room_octagon,
          nicolae_vaults_offset_grid_hallway_1, vaults_standard_mumra_lines,
          ontoclasm_vaults_pinch, vaults_mumra_minichess,
          vaults_room_grunt_arrival_ludios, nicolae_vaults_apartment_1,
          nicolae_vaults_mini_display_case, vaults_room_corners,
          nicolae_vaults_theta, layout_vaults_chaotic_city, uniq_zenata

Skill      XL: |  1  2  3  4  5  6  7  8  9 10 11 12 13 14 15 16 17 18 |
---------------+-------------------------------------------------------+-----
Axes           | 4 5 6 7 8 9 10 11 12 15 16 18 | 18.0
Fighting       | 4 5 7 9 10 14 16 18 21 | 21.0
Armour         | 4 6 8 10 11 14 18 | 18.0
Shields        | 3 6 8 11 15 16 17 | 17.0
Throwing       | 5 6 10 11 | 11.2
Evocations     | 5 8 |  8.0
Dodging        | 5 7 8 10 | 10.0

Action                     |  1- 3 |  4- 6 |  7- 9 | 10-12 | 13-15 | 16-18 || total
---------------------------+-------+-------+-------+-------+-------+-------++-------
  Melee: Hand axe          |    88 |    77 |   100 |       |       |       ||   265
         Headbutt          |    10 |    16 |    43 |    81 |   245 |   362 ||   757
         Whip              |       |       |    67 |       |       |       ||    67
         Flail             |       |       |    76 |     9 |    31 |    28 ||   144
         War axe           |       |       |    26 |   380 |   922 |  1080 ||  2408
         Broad axe         |       |       |       |       |       |   121 ||   121
  Throw: Dart              |       |     1 |       |     3 |     3 |     1 ||     8
         Boomerang         |       |       |       |    15 |    39 |    75 ||   129
         Javelin           |       |       |       |       |       |    11 ||    11
 Invoke: Trog's Hand       |       |     1 |     2 |     3 |    12 |    10 ||    28
         Berserk           |       |     1 |     1 |     3 |     3 |     2 ||    10
         Brothers in Arms  |       |       |       |     1 |     3 |     7 ||    11
  Evoke: Wand              |       |       |       |     4 |     4 |     6 ||    14
    Use: Scroll            |     8 |       |     2 |     5 |    16 |    10 ||    41
         Potion            |       |       |       |       |     7 |     5 ||    12
   Stab: Paralysed         |       |       |       |     3 |       |       ||     3
         Petrified         |       |       |       |     1 |       |       ||     1
         Invisible         |       |       |       |       |     2 |     3 ||     5
         Distracted        |       |       |       |       |     1 |     2 ||     3
 Armour: Animal skin       |    18 |       |       |       |       |       ||    18
         Ring mail         |    22 |       |       |       |       |    73 ||    95
         Chain mail        |    13 |    57 |       |       |       |       ||    70
         Plate armour      |       |       |   187 |   275 |   616 |   868 ||  1946
  Dodge: Dodged            |    27 |    18 |    36 |    74 |   315 |   618 ||  1088
         Repelled          |       |       |       |     1 |    28 |    36 ||    65
  Block: Kite shield       |    26 |    28 |    55 |   150 |   476 |   442 ||  1177
         Tower shield      |       |       |       |       |       |   517 ||   517

Table legend: (Time is in decaauts)
 A = Elapsed time spent in this place.
 B = Non-inter-level travel time spent in this place.
 C = Inter-level travel time spent in this place.
 D = Time resting spent in this place.
 E = Time spent auto-exploring this place.
 F = Levels seen in this place.
 G = Mean time per level.
                   A        B        C        D        E       F      G
               +--------+--------+--------+--------+--------+-----+--------+
         Total |  33523 |  30707 |   2816 |   6277 |  18836 |  32 | 1047.6 |
       Dungeon |  14374 |  12951 |   1423 |   1466 |   9340 |  15 |  958.3 |
          Lair |   7908 |   7027 |    881 |   1143 |   4791 |   5 | 1581.6 |
         Swamp |   4272 |   4157 |    115 |   1374 |   1844 |   4 | 1068.0 |
   Spider Nest |   4874 |   4594 |    280 |   1866 |   1796 |   4 | 1218.5 |
  Orcish Mines |   1313 |   1199 |    114 |     58 |    828 |   2 |  656.5 |
        Vaults |    511 |    511 |      0 |    187 |    200 |   1 |  511.0 |
         Sewer |    269 |    269 |      0 |    181 |     34 |   1 |  269.0 |
               +--------+--------+--------+--------+--------+-----+--------+

Top non-repeatable levels by time:
     D:9: 2467 daAuts
  Lair:2: 1886 daAuts
  Lair:3: 1708 daAuts
Spider:3: 1640 daAuts
  Lair:4: 1466 daAuts
  Lair:1: 1465 daAuts
 Swamp:4: 1390 daAuts
  Lair:5: 1381 daAuts
    D:10: 1334 daAuts
Spider:4: 1276 daAuts
Spider:2: 1270 daAuts
 Swamp:3: 1100 daAuts
     D:5: 1032 daAuts
    D:13: 1031 daAuts
     D:1: 996 daAuts
